 Dungeon Crawl Stone Soup version 0.15.0-14-g6bbbb5c (console) character file.

461 gw the Insei (level 6, -1/49 HPs)
             Began as a Demonspawn Monk on Sept 4, 2014.
             Killed from afar by a white imp (5 damage)
             ... with a puff of frost
             ... summoned by Natasha
             ... on Level 4 of the Dungeon.
             The game lasted 00:09:25 (6201 turns).

gw the Insei (Demonspawn Monk)                      Turns: 6201, Time: 00:09:25

HP  -1/49        AC  8     Str 12      XL: 6   Next: 79%
MP   6/6         EV  5     Int 11      God:
Gold 0           SH  0     Dex 17      Spells:  0 memorised,  5 levels left

rFire  . . .     SeeInvis .       - Unarmed
rCold  + . .     Clarity  .     j - +0 chain mail
rNeg   . . .     rCorr    .     (no shield)
rPois  .         rRot     .     (no helmet)
rElec  .         Spirit   .     (no cloak)
SustAb .         Warding  .     (no gloves)
rMut   .         Stasis   .     (no boots)
Gourm  .                        (no amulet)
MR     .....                    (no ring)
                                (no ring)

@: not resistant to hostile enchantments, extremely unstealthy
A: cold resistance 1, demonic guardian 1, mutation resistance 1, freezing cloud
immunity
a: no special abilities


You were on level 4 of the Dungeon.
You were not hungry.

You visited 1 branch of the dungeon, and saw 4 of its levels.

Inventory:

Missiles
 c - 11 tomahawks (quivered)
 i - 78 stones
Armour
 j - a +0 chain mail (worn)
Comestibles
 b - 4 bread rations
 d - a royal jelly
 f - 4 fruits
 g - a slice of pizza
 h - 2 meat rations
 k - a rotting chunk of quokka flesh
Scrolls
 a - 4 scrolls of identify
 e - a scroll of enchant weapon
Potions
 l - a potion of curing


   Skills:
 + Level 4.4 Fighting
 + Level 2.6 Throwing
 + Level 2.1 Armour
 - Level 2.6 Dodging
 - Level 1.7 Stealth
 * Level 5.6 Unarmed Combat


You had 5 spell levels left.
You didn't know any spells.

Dungeon Overview and Level Annotations

Branches:
Dungeon (4/15)
 Temple: D:4-7

Altars:
Qazlal

Annotations:
D:4 Natasha


Innate Abilities, Weirdness & Mutations

Your flesh is cold resistant.
A weak demonic guardian rushes to your aid.
You are immune to freezing clouds.
You are somewhat resistant to further mutation.


Message History

Natasha casts a spell.
ATTACKING (-1,-1)
You hit Natasha.
Natasha is severely wounded.
Natasha stares at you and mumbles some strange words.
The magic dart hits you!
The white imp hits you but does no damage.
ATTACKING (-1,-1)
You closely miss Natasha.
Natasha is severely wounded.
Natasha claws you! The white imp hits you. The white imp freezes you.
You resist. Natasha casts a spell at you. The magic dart hits you!
ATTACKING (-1,-1)
Your chain mail prevents you from hitting Natasha.
Natasha is severely wounded.
The white imp gestures at you. The puff of frost hits you! You resist.
You die...

~P~~~~~~~~~~#
PP~~~~~7~P~7#
7~P~~~~~~~P#
7~7~~~~~~~7P.#
~~P~~~P~~7~77.#
7~~~~~~~~P7 .##
77PPP~~~~P7.....
7~~~h~5~~~####
#7~~P6777##
#7P7~7 ##~7~#
##...##
##.....##
##.......##
#.........#
+.......).+
#.$...)...#


You could see Natasha and a white imp.

Table legend:
 A = Turns spent in this place as a percentage of turns spent in the entire game.
 B = Non-inter-level travel turns spent in this place as a percentage of non-inter-level travel turns spent in the entire game.
 C = Inter-level travel turns spent in this place as a percentage of turns spent in this place.
 D = Turns resting spent in this place as a percentage of non-inter-level travel turns spent in this place.
 E = Turns spent auto-exploring this place as a percentage of non-inter-level travel turns spent in this place.
 F = Non-inter-level travel turns spent in this place divided by the number of levels of this place that you've seen.
                   A       B       C       D       E      F
               +-------+-------+-------+-------+-------+----------------------
         Total | 100.0 | 100.0 |   1.3 |   3.8 |   5.3 | 687.8
       Dungeon | 100.0 | 100.0 |   1.3 |   3.8 |   5.3 | 687.8
               +-------+-------+-------+-------+-------+----------------------

Table legend:
 A = Kills in this place as a percentage of kills in entire the game.
 B = Kills by you in this place as a percentage of kills by you in the entire game.
 C = Kills by friends in this place as a percentage of kills by friends in the entire game.
 D = Other kills in this place as a percentage of other kills in the entire game.
 E = Experience gained in this place as a percentage of experience gained in the entire game.
 F = Experience gained in this place divided by the number of levels of this place that you have seen.
                   A       B       C       D       E      F
               +-------+-------+-------+-------+-------+----------------------
         Total | 100.0 | 100.0 | 100.0 |  -nan | 100.0 | 164.8
       Dungeon | 100.0 | 100.0 | 100.0 |  -nan | 100.0 | 164.8
               +-------+-------+-------+-------+-------+----------------------

Vanquished Creatures
  The ghost of Banei the Ruinous, an average TeAE (D:4)
  A quasit (D:3)
  An orc priest (D:3)
  A giant frog skeleton (D:4)
  An orc wizard (D:3)
  Natasha (D:4)
  Ijyb (D:2)
  3 gnolls (D:4)
  5 adders
  A giant mite (D:3)
  6 worms
  5 giant geckos
  17 orcs
  A ball python (D:2)
  11 bats
  12 goblins
  6 hobgoblins
  A jackal (D:3)
  3 kobolds
  A quokka (D:4)
  4 giant cockroaches
  3 giant newts (D:2)
  12 rats
98 creatures vanquished.

Vanquished Creatures (collateral kills)
  A gnoll (D:4)
  A shadow imp (D:4)
  A hobgoblin (D:4)
  A ball python (D:4)
  A kobold (D:4)
5 creatures vanquished.

Vanquished Creatures (others)
  A crimson imp (D:4)
  An iron imp (D:3)
  A quasit (D:3)
  3 ufetubi
6 creatures vanquished.

Grand Total: 109 creatures vanquished

Notes
Turn   | Place    | Note
--------------------------------------------------------------
     0 | D:1      | gw, the Demonspawn Monk, began the quest for the Orb.
     0 | D:1      | Reached XP level 1. HP: 18/18 MP: 1/1
   424 | D:1      | Gained mutation: A weak demonic guardian rushes to your aid. [demonic ancestry]
   424 | D:1      | Reached XP level 2. HP: 16/24 MP: 2/2
   740 | D:1      | Reached skill level 4 in Unarmed Combat
  1136 | D:2      | Gained mutation: Your flesh is cold resistant. [demonic ancestry]
  1136 | D:2      | Reached XP level 3. HP: 20/29 MP: 3/3
  1279 | D:2      | Reached skill level 1 in Throwing
  2076 | D:2      | Noticed Ijyb
  2103 | D:2      | Killed Ijyb
  2103 | D:2      | Reached skill level 1 in Armour
  2103 | D:2      | Gained mutation: You are immune to freezing clouds. [demonic ancestry]
  2103 | D:2      | Reached XP level 4. HP: 25/35 MP: 4/4
  3460 | D:3      | Reached XP level 5. HP: 22/42 MP: 5/5
  4043 | D:3      | Found a stormy altar of Qazlal.
  4095 | D:3      | Reached skill level 5 in Unarmed Combat
  5267 | D:3      | Reached XP level 6. HP: 48/48 MP: 6/6
  5276 | D:3      | Gained mutation: You are somewhat resistant to further mutation. [potion of mutation]
  5543 | D:4      | Noticed Natasha
  5551 | D:4      | Killed Natasha
  5982 | D:4      | Noticed Banei's ghost (average TeAE)
  5999 | D:4      | Killed Banei's ghost
  6010 | D:4      | Noticed Natasha
  6201 | D:4      | Killed from afar by a white imp

Action                   |  1- 3 |  4- 6 || total
-------------------------+-------+-------++-------
Melee: Unarmed           |   145 |   298 ||   443
Throw: Stone             |    41 |    47 ||    88
       Tomahawk          |       |    65 ||    65
  Use: Potion            |     3 |     2 ||     5
       Scroll            |     1 |     4 ||     5
  Eat: Chunk             |     4 |    13 ||    17

Vault maps used:
D:1:      dpeg_arrival_line_fractal
D:2:      kennysheep_the_goblin_king, minivault_4, uniq_iyjb
D:3:      lemuel_crystal_altar, first_bread
D:4:      serial_bayou_lake_a, uniq_natasha
